 Dungeon Crawl Stone Soup version 0.31-a0-479-g91c9547826 (webtiles) character file.

Game seed: 14778249524796777452

225150 mahan the Executioner (level 19, 0/189 HPs)
             Began as a Hill Orc Fighter on Aug 4, 2023.
             Was the Champion of Okawaru.
             Slain by a rockslime (9 damage)
             ... created by the Royal Jelly
             ... on level 5 of the Pits of Slime on Aug 7, 2023.
             The game lasted 02:27:43 (35186 turns).

mahan the Executioner (Hill Orc Fighter)           Turns: 35186, Time: 02:27:44

Health: 0/189      AC: 29    Str: 32      XL:     19   Next: 31%
Magic:  0/17       EV: 10    Int: 10 (12) God:    Okawaru [******]
Gold:   3526       SH: 13    Dex:  3 (6)  Spells: 18/18 levels left

rFire   . . .        e - +2 broad axe (heavy)
rCold   + + +        R - +2 kite shield {rC+}
rNeg    . . .        c - +5 ice dragon scales of Acoptogral {+Inv rF- rC++ Will- Regen+ Str+5}
rPois   .            B - +0 hat {SInv}
rElec   .            u - +2 cloak of Canogru {Fly}
rCorr   +            o - +2 pair of gloves
SInv    +            x - +1 pair of boots "Afaexekh" {rCorr Int+4 Stlth+}
Will    .....        p - amulet of the acrobat
Stlth   +            k - +4 ring of protection
HPRegen 1.31/turn    b - ring of protection from fire
MPRegen 0.15/turn

%: acrobat, clarity
@: engulfed (cannot breathe), flying, studying Ice Magic, unable to read
A: clarity, clumsy 2, cold resistance 1, deformed body, deterioration 2, low MP
1, passive freeze, inability to read after injury 1, MP-powered wands
}: 1/15 runes: decaying
a: Renounce Religion, Evoke Invisibility, Heroism, Finesse, Duel


You were on level 5 of the Pits of Slime.
You worshipped Okawaru.
Okawaru was exalted by your worship.
You visited 5 branches of the dungeon, and saw 31 of its levels.
You visited the Abyss 1 time.
You also visited: Ice Cave.

You collected 3526 gold pieces.

Inventory:

Hand Weapons
 e - a +2 heavy broad axe (weapon)
 t - the +9 trident of the Shrinking Seer {freeze, rPois rCorr Dex+3 SInv}
   (You found it on level 5 of the Lair of Beasts)

   Dex:       It affects your dexterity (+3).
   rPois:     It protects you from poison.
   SInv:      It lets you see invisible.
   rCorr:     It protects you from acid and corrosion.
 C - a +3 demon trident of electrocution
 J - a +2 heavy trident
 K - the +7 war axe of Kindness {flame, Int+3}
   (Okawaru gifted it to you on level 14 of the Dungeon)

   Int:       It affects your intelligence (+3).
 M - a +2 eveningstar of venom
 P - the +2 war axe of the Key {heavy, rF- rC+ SInv}
   (Okawaru gifted it to you on level 2 of the Swamp)

   rF:        It makes you vulnerable to fire.
   rC:        It protects you from cold.
   SInv:      It lets you see invisible.
 Z - a +3 heavy executioner's axe
Missiles
 D - a throwing net
Armour
 c - the +5 ice dragon scales of Acoptogral (worn) {+Inv rF- rC++ Will- Regen+ Str+5}
   (You found it in an ice cave)

   Str:       It affects your strength (+5).
   rF:        It makes you vulnerable to fire.
   rC:        It greatly protects you from cold.
   +Inv:      It lets you turn invisible.
   Regen:     It increases your rate of health regeneration.
   Will:      It decreases your willpower.
 j - the +3 scale mail of Music {rF+ Dex+3}
   (Okawaru gifted it to you on level 1 of the Pits of Slime)

   Dex:       It affects your dexterity (+3).
   rF:        It protects you from fire.
 o - a +2 pair of gloves (worn)
 u - the +2 cloak of Canogru (worn) {Fly}
   (Okawaru gifted it to you on level 3 of the Lair of Beasts)

   Fly:       It grants you flight.
 x - the +1 pair of boots "Afaexekh" (worn) {rCorr Int+4 Stlth+}
   (Okawaru gifted it to you on level 2 of the Orcish Mines)

   Int:       It affects your intelligence (+4).
   rCorr:     It protects you from acid and corrosion.
   Stlth:     It makes you more stealthy.
 B - a +0 hat of see invisible (worn)
 E - the +4 chain mail of the Minstrel {rElec rPois Int+5}
   (Okawaru gifted it to you on level 5 of the Pits of Slime)

   Int:       It affects your intelligence (+5).
   rElec:     It insulates you from electricity.
   rPois:     It protects you from poison.
 N - a +2 chain mail of fire resistance
 R - a +2 kite shield of cold resistance (worn)
 W - the +7 tower shield "Kyeqie" {Rampage rF- rN+++ Str+3}
   (You found it on level 1 of the Lair of Beasts)

   Str:       It affects your strength (+3).
   rF:        It makes you vulnerable to fire.
   rN:        It renders you almost immune to negative energy.
   Rampage:   It bestows one free step when moving towards enemies.
Jewellery
 b - a ring of protection from fire (right hand)
 k - a +4 ring of protection (left hand)
 l - an amulet of faith
 m - a ring of willpower
 p - an amulet of the acrobat (around neck)
 w - a ring of see invisible
 G - a ring of flight
 T - a +6 ring of dexterity
Wands
 s - a wand of iceblast (15)
 V - a wand of mindburst (5)
Scrolls
 h - 5 scrolls of fog
 i - 2 scrolls of teleportation
 q - 2 scrolls of immolation
 v - 5 scrolls of fear
 y - a scroll of summoning
 I - 3 scrolls of revelation
 L - 2 scrolls of enchant weapon
 O - 2 scrolls of brand weapon
 Y - 17 scrolls of identify
Potions
 a - 3 potions of haste
 d - 5 potions of might
 f - 3 potions of invisibility
 g - 3 potions of enlightenment
 n - 7 potions of curing
 r - 4 potions of resistance
 A - 2 potions of lignification
 F - 2 potions of magic
 H - 3 potions of berserk rage
 Q - 2 potions of cancellation
 S - a potion of brilliance
 X - 2 potions of attraction


   Skills:
 + Level 21.0 Fighting
 + Level 24.3(24.7) Axes
 + Level 2.0(13.9) Maces & Flails
 + Level 5.5(14.8) Polearms
 + Level 14.5 Armour
 + Level 8.6 Dodging
 + Level 3.7 Stealth
 + Level 16.2 Shields
 + Level 0.8 Invocations


You had 18 spell levels left.
You didn't know any spells.
Your spell library contained the following spells:

 Spells                   Type           Power      Damage    Failure   Level
 Foxfire                  Conj/Fire      0%         2x1d4     65%         1
 Sandblast                Erth           0%         2d4       65%         1
 Shock                    Conj/Air       0%         1d3       65%         1
 Ensorcelled Hibernation  Hex/Ice        0%         N/A       80%         2
 Passwall                 Tmut/Erth      0%         N/A       80%         2
 Frozen Ramparts          Ice            0%         1d1       95%         3
 Inner Flame              Hex/Fire       0%         N/A       95%         3
 Ozocubu's Armour         Ice            0%         N/A       95%         3
 Stone Arrow              Conj/Erth      0%         3d7       95%         3
 Swiftness                Air            0%         N/A       95%         3
 Volatile Blastmotes      Fire/Tloc      0%         2d10      95%         3
 Flame Wave               Conj/Fire      0%         2d4       100%        4
 Fulminant Prism          Conj/Hex       0%         3d5       100%        4
 Iskenderun's Mystic Bla  Conj/Tloc      0%         2d3       100%        4
 Passage of Golubria      Tloc           0%         N/A       100%        4
 Petrify                  Tmut/Erth      0%         N/A       100%        4
 Sticky Flame             Conj/Fire      0%         2d3       100%        4
 Irradiate                Conj/Tmut      0%         3d11      100%        5
 Metabolic Englaciation   Hex/Ice        0%         N/A       100%        5
 Silence                  Hex/Air        0%         N/A       100%        5
 Yara's Violent Unravell  Hex/Tmut       0%         3d3       100%        5
 Plasma Beam              Fire/Air       0%         2x1d10    100%        6
 Starburst                Conj/Fire      0%         6d3       100%        6
 Orb of Destruction       Conj           0%         9d5       100%        7
 Lehudib's Crystal Spear  Conj/Erth      0%         10d2      100%        8
 Summon Small Mammal      Summ           Unusable   N/A       N/A         1
 Call Canine Familiar     Summ           Unusable   N/A       N/A         3
 Summon Guardian Golem    Hex/Summ       Unusable   N/A       N/A         3
 Tukima's Dance           Hex            Unusable   N/A       N/A         3
 Simulacrum               Ice/Necr       Unusable   N/A       N/A         6

Dungeon Overview and Level Annotations

Branches:
Dungeon (15/15)            Temple (0/1) D:4            Lair (5/5) D:11
  Swamp (4/4) Lair:3        Snake (0/4) Lair:2        Slime (5/5) Lair:4
    Orc (2/2) D:10            Elf (0/3) Orc:2        Vaults (0/5) D:13
 Depths (0/4) D:15          IceCv (visited)

Altars:
Ashenzari
Cheibriados
Elyvilon
Fedhas
Makhleb
Nemelex Xobeh
Okawaru
Qazlal
Trog
Uskayaw
Wu Jian
Zin
Beogh
Jiyva
Lugonu

Shops:
D:13 *   Orc:2 ?(((

Portals:
Abyss: Lair:2

Annotations:
D:6 and boss
Lair:1 2 transporters + boss, u553311's ghost, journeyman DEHu
Slime:5 Royal Jelly


Innate Abilities, Weirdness & Mutations

You possess an exceptional clarity of mind.
You are very clumsy. (Dex -4)
Your flesh is cold resistant. (rC+)
Armour fits poorly on your strangely shaped body.
Your body often deteriorates upon taking damage.
Your magical capacity is low. (-10% MP)
A frigid envelope surrounds you and freezes all who hurt you.
You occasionally lose the ability to read scrolls when taking damage.
You expend magic power (3 MP) to strengthen your wands.


Message History

The quicksilver ooze is very cold.
The quicksilver ooze is heavily wounded.
The Royal Jelly hits you!!!
You feel threatened and lose the ability to read scrolls!
* * * LOW HITPOINT WARNING * * *
Your body deteriorates!
You feel clumsy.
You are splashed with acid.
You resist.
* * * LOW HITPOINT WARNING * * *
The Royal Jelly is very cold.
The Royal Jelly is moderately wounded.
The Royal Jelly hits you but does no damage.
The Royal Jelly is very cold.
The Royal Jelly is moderately wounded.
The quicksilver ooze closely misses you.
The quicksilver ooze hits you.
* * * LOW HITPOINT WARNING * * *
The quicksilver ooze is very cold.
The quicksilver ooze is heavily wounded.
The rockslime hits you!!
* * * LOW HITPOINT WARNING * * *
You hold your ground!
The rockslime is very cold.
The rockslime is moderately wounded.
You block the azure jelly's attack.
The azure jelly hits you but does no damage.
The azure jelly resists.
The azure jelly is very cold.
The azure jelly is lightly wounded.
The azure jelly completely misses you.
The azure jelly hits you but does no damage.
The azure jelly completely resists.
You cannot read scrolls in your current state!
You feel better.
* * * LOW HITPOINT WARNING * * *
Your lungs strain for air!
The quicksilver ooze hits you.
The quicksilver ooze is very cold.
The quicksilver ooze is severely wounded.
The quicksilver ooze hits you but does no damage.
The quicksilver ooze is very cold.
The quicksilver ooze is almost dead.
The rockslime hits you!
You die...

#.....................####.
#.......................# #.
###.....................# ##
##..................### ###
#..................# #.#
###...............## #..
##.....JJ.......# ##.
##...JJJJ....###### ##
###JJ@J...### #..# #########
##... ## ##!!#$/## ##....##.
#))$$#$??[##.........
##?)?)#::$:##.........
.#$((:=#")[))#.........
#..........#)$"[$#φ:)()#.........
.........<.####### #._.......
......... #.........


You could see the Royal Jelly, an azure jelly, 2 rockslimes and 5 quicksilver
oozes.

Vanquished Creatures
  Dissolution (Slime:1)
  Rupert (D:15)
  The ghost of Kuirgh the Wrestler, an adept TrMo of Jiyva (Swamp:4)
  17 acid blobs
  Kirke (Swamp:3)
  3 rockslimes
  A fenstrider witch (Swamp:3)
  7 azure jellies
  A frost giant (IceCv)
  Louise (Swamp:2)
  A very ugly thing (D:13)
  6 formless jellyfish
  13 quicksilver oozes
  7 eleionomae
  3 bunyips
  A blizzard demon (Abyss:2)
  2 green deaths (Swamp:4)
  2 fire dragons
  8 great orbs of eyes
  A spriggan air mage (Swamp:3)
  2 catoblepae
  15 hydras
  A merfolk avatar (Lair:5)
  An ogre mage (D:15)
  4 ghost crabs
  2 hell beasts (Swamp:4)
  Erolcha (Orc:2)
  3 centaur warriors
  An anaconda (Lair:3)
  Erica (Lair:1)
  4 boulder beetles
  7 two-headed ogres
  8 death yaks
  11 alligators
  2 thrashing horrors (Swamp:4)
  Urug (D:13)
  A spriggan berserker (Swamp:2)
  4 orc high priests (Orc:2)
  16 spriggans
  Sonja (Orc:2)
  9 skeletal warriors
  3 skysharks
  7 goliath frogs
  2 sea snakes (Lair:5)
  4 spriggan druids
  A shadow demon (Abyss:2)
  7 bog bodies
  12 swamp dragons
  Pikel (D:7)
  5 wizards
  2 harpies (Lair:5)
  A lindwurm (Lair:4)
  A deep elf zephyrmancer (D:15)
  5 orc knights
  A necromancer (D:15)
  7 starcursed masses (Abyss:2)
  2 deep elf pyromancers (D:15)
  5 manticores
  5 orc sorcerers (Orc:2)
  25 ugly things
  A salamander (Lair:2)
  5 shining eyes
  4 will-o-the-wisps
  A worldbinder (Abyss:2)
  3 cyclopes
  8 elephants (Lair:5)
  5 black mambas
  An ice statue (IceCv)
  A centaur zombie (D:15)
  A naga mage (D:15)
  An eye of devastation (Slime:5)
  3 gargoyles
  Maggie (D:6)
  2 centaur skeletons (D:15)
  An orange demon (Swamp:4)
  13 cane toads
  2 unseen horrors
  A freezing wraith (D:14)
  A kobold demonologist (D:11)
  9 rime drakes
  7 komodo dragons
  9 yaktaurs (D:15)
  An efreet (D:15)
  14 hornets
  2 trolls
  A bloated husk (Swamp:1)
  15 tyrant leeches
  3 large abominations
  14 polar bears
  4 raiju (Abyss:2)
  17 blink frogs
  A wind drake (Lair:5)
  A harpy skeleton (D:15)
  18 wyverns
  82 slime creatures
  7 shadows
  A centaur simulacrum (D:14)
  A vampire (D:13)
  A ynoxinul (Abyss:2)
  3 hogs (Swamp:3)
  A wraith (D:9)
  2 fire bats (Lair:2)
  4 golden eyes
  53 yaks
  9 basilisks
  3 steam dragons (Lair:5)
  9 vampire mosquitoes
  A chaos spawn (Abyss:2)
  8 redbacks (D:15)
  9 swamp worms
  4 acid dragons
  27 water moccasins
  A floating eye (Slime:4)
  17 orc warriors
  A swamp drake (Swamp:1)
  4 ice beasts
  4 black bears
  4 boggarts (D:15)
  2 ogres
  37 wolves
  11 centaurs
  4 lemures (D:7)
  Blork the orc (D:6)
  20 bullfrogs
  6 scorpions
  3 gnoll sergeants
  11 wights
  24 killer bees
  3 electric eels
  12 howler monkeys
  3 lava snakes (Lair:2)
  4 hounds
  15 jellies
  15 orc priests
  4 small abominations (Abyss:2)
  Ijyb (D:5)
  2 sleepcaps
  2 gnoll boudas (D:5)
  An iguana (D:5)
  26 orc wizards
  7 hell rats (Lair:3)
  A boggart skeleton (D:15)
  An ogre zombie (D:6)
  33 gnolls
  A gnoll zombie (D:6)
  6 adders
  2 shadow imps
  2 white imps
  An ufetubus (D:2)
  2 worms
  4 dart slugs
  56 orcs
  6 bats
  5 endoplasms
  5 giant cockroaches
  7 goblins
  9 hobgoblins
  2 jackals (D:1)
  7 kobolds
  3 quokkas
  6 ball pythons
  A frilled lizard (D:1)
  A rat (D:1)
  A butterfly (D:4)
1072 creatures vanquished.

Vanquished Creatures (others)
  A lich (Abyss:2)
  An alligator (Swamp:1)
  2 bloated husks
  An orc priest (Orc:2)
  10 foxfires
  A lurking horror (Lair:2)
16 creatures vanquished.

Grand Total: 1088 creatures vanquished

Notes
Turn   | Place    | Note
-------+----------+-------------------------------------------
     0 | D:1      | mahan the Hill Orc Fighter began the quest for the Orb.
     0 | D:1      | Reached XP level 1. HP: 19/19 MP: 1/1
   344 | D:1      | Found a faded altar of an unknown god.
   352 | D:1      | Reached XP level 2. HP: 27/27 MP: 2/2
   627 | D:1      | Reached skill level 3 in Axes
   845 | D:1      | Reached XP level 3. HP: 32/33 MP: 3/3
  1130 | D:2      | Found a burning altar of Makhleb.
  1647 | D:2      | Gained mutation: A frigid envelope surrounds you and
                  | freezes all who hurt you. [potion of mutation]
  1647 | D:2      | Gained mutation: You possess an exceptional clarity of
                  | mind. [potion of mutation]
  1647 | D:2      | Gained mutation: Your flesh is cold resistant. (rC+)
                  | [potion of mutation]
  1756 | D:3      | Reached XP level 4. HP: 32/40 MP: 4/4
  1760 | D:3      | Reached skill level 4 in Axes
  2554 | D:3      | Found a bloodstained altar of Trog.
  2590 | D:4      | Noticed a scorpion
  2600 | D:4      | Killed a scorpion
  2601 | D:4      | Reached XP level 5. HP: 47/47 MP: 5/5
  2602 | D:4      | Identified the +8 hand axe "Daurobaq" {elec, rC- Dex+5}
  2649 | D:4      | Found a snail-covered altar of Cheibriados.
  2650 | D:4      | Found a broken altar of Ashenzari.
  2653 | D:4      | Found a white marble altar of Elyvilon.
  2657 | D:4      | Found a burning altar of Makhleb.
  2661 | D:4      | Reached skill level 5 in Axes
  2759 | D:4      | Found an iron altar of Okawaru.
  2763 | D:4      | Found a glowing silver altar of Zin.
  2768 | D:4      | Found a blossoming altar of Fedhas.
  2769 | D:4      | Found a stormy altar of Qazlal.
  2770 | D:4      | Became a worshipper of Warmaster Okawaru
  2899 | D:4      | Found a staircase to the Ecumenical Temple.
  2916 | D:4      | Reached XP level 6. HP: 53/53 MP: 6/6
  3020 | D:4      | Reached skill level 6 in Axes
  3178 | D:5      | Entered Level 5 of the Dungeon
  3257 | D:5      | Reached skill level 5 in Armour
  3515 | D:5      | Reached * piety under Okawaru
  3516 | D:5      | Reached XP level 7. HP: 60/60 MP: 7/7
  3526 | D:5      | Reached skill level 7 in Axes
  3530 | D:5      | Reached skill level 1 in Dodging
  3536 | D:5      | Reached skill level 5 in Fighting
  3553 | D:5      | HP: 2/61 [orc priest/divine providence (11)]
  3844 | D:5      | Noticed Ijyb
  3848 | D:5      | Killed Ijyb
  4041 | D:5      | Reached ** piety under Okawaru
  4042 | D:5      | Reached skill level 8 in Axes
  4042 | D:5      | Reached XP level 8. HP: 68/68 MP: 8/8
  4463 | D:6      | Reached skill level 9 in Axes
  4581 | D:6      | Noticed Maggie
  4612 | D:6      | Killed Maggie
  4612 | D:6      | Reached *** piety under Okawaru
  4613 | D:6      | Reached skill level 10 in Axes
  4629 | D:6      | Noticed Blork the orc
  4636 | D:6      | Killed Blork the orc
  4637 | D:6      | Reached XP level 9. HP: 75/75 MP: 9/9
  4827 | D:6      | Found a transporter.
  5187 | D:6      | Found a transporter.
  5512 | D:7      | Noticed a +0 dagger
  5512 | D:7      | Noticed a +0 falchion
  5512 | D:7      | Noticed a +0 dagger
  5512 | D:7      | Noticed a +0 spear
  5528 | D:7      | Noticed a +0 spear
  5528 | D:7      | Noticed a +0 falchion
  5528 | D:7      | Noticed a +0 short sword
  5529 | D:7      | Noticed a +0 short sword
  5575 | D:7      | Found a hide-covered altar of Uskayaw.
  5590 | D:7      | Reached skill level 11 in Axes
  5693 | D:7      | Reached skill level 5 in Shields
  5772 | D:7      | Reached **** piety under Okawaru
  5850 | D:7      | Reached skill level 1 in Stealth
  6337 | D:7      | Reached skill level 12 in Axes
  6429 | D:8      | Noticed a gargoyle
  6518 | D:7      | Reached XP level 10. HP: 60/86 MP: 10/10
  6946 | D:8      | Noticed Pikel
  6968 | D:7      | Killed a gargoyle
  7130 | D:7      | Killed Pikel
  7131 | D:7      | Reached skill level 13 in Axes
  7682 | D:8      | Reached ***** piety under Okawaru
  8131 | D:8      | Received a gift from Okawaru
  8275 | D:9      | Noticed a white ugly thing
  8284 | D:9      | Killed a white ugly thing
  8498 | D:9      | Reached skill level 14 in Axes
  8517 | D:9      | Reached XP level 11. HP: 79/95 MP: 11/11
  9312 | D:10     | Entered Level 10 of the Dungeon
  9313 | D:10     | Found a staircase to the Orcish Mines.
  9330 | D:10     | Found a sparkling altar of Nemelex Xobeh.
 10174 | D:10     | Reached skill level 15 in Axes
 10404 | D:10     | Noticed a two-headed ogre
 10411 | D:10     | Killed a two-headed ogre
 10763 | D:11     | Noticed a manticore
 10778 | D:11     | Killed a manticore
 10817 | D:11     | Reached ****** piety under Okawaru
 10846 | D:11     | Found a staircase to the Lair.
 10847 | D:11     | Received a gift from Okawaru
 10868 | D:11     | Reached skill level 10 in Armour
 11012 | D:11     | Found a frozen archway.
 11102 | IceCv    | Entered an ice cave
 11140 | IceCv    | Reached skill level 10 in Fighting
 11170 | IceCv    | Reached skill level 16 in Axes
 11170 | IceCv    | Reached XP level 12. HP: 83/106 MP: 12/12
 11456 | IceCv    | Noticed a death yak
 11466 | IceCv    | Identified the +2 ring mail "Kedd" {Regen+} (Okawaru gifted
                  | it to you in an ice cave)
 11466 | IceCv    | Received a gift from Okawaru
 11477 | IceCv    | Killed a death yak
 11533 | IceCv    | Reached skill level 17 in Axes
 11568 | IceCv    | Noticed a death yak
 11568 | IceCv    | Noticed a frost giant
 11568 | IceCv    | Noticed a death yak
 11825 | IceCv    | Identified the +5 ice dragon scales of Acoptogral {+Inv rF-
                  | rC++ Will- Regen+ Str+5}
 11990 | IceCv    | Killed a frost giant
 12271 | IceCv    | Killed a death yak
 12366 | IceCv    | Killed a death yak
 12367 | IceCv    | Reached skill level 18 in Axes
 12411 | IceCv    | Identified the +1 plate armour of the Jolly Scars {Rampage
                  | rC+ Str-4}
 12763 | D:11     | Identified the +1 scale mail of the Sun {Str+4}
 13224 | Lair:1   | Entered Level 1 of the Lair of Beasts
 13284 | Lair:1   | Noticed Erica
 13305 | Lair:1   | Killed Erica
 13356 | Lair:1   | Identified the +7 tower shield "Kyeqie" {Rampage rF- rN+++
                  | Str+3}
 13376 | Lair:1   | Reached XP level 13. HP: 117/117 MP: 13/13
 13756 | Lair:1   | Noticed u553311's ghost (journeyman DEHu)
 13757 | Lair:1   | Found a transporter.
 13760 | Lair:1   | Found a transporter.
 14408 | Lair:2   | Found a corrupted altar of Lugonu.
 14414 | Lair:2   | Found a one-way gate to the infinite horrors of the Abyss.
 14624 | Lair:2   | Found a staircase to the Snake Pit.
 15354 | Lair:3   | Received a gift from Okawaru
 15382 | Lair:3   | Reached skill level 19 in Axes
 15386 | Lair:3   | Reached skill level 5 in Dodging
 15440 | Lair:3   | Identified the +2 cloak of Canogru {Fly} (Okawaru gifted it
                  | to you on level 3 of the Lair of Beasts)
 15440 | Lair:3   | Received a gift from Okawaru
 15995 | Lair:3   | Reached skill level 1 in Maces & Flails
 16155 | Lair:3   | Reached skill level 1 in Polearms
 16155 | Lair:3   | Reached XP level 14. HP: 119/129 MP: 14/14
 16434 | Lair:3   | Found a staircase to the Swamp.
 16713 | Lair:4   | Found a staircase to the Slime Pits.
 16780 | Lair:4   | You are sucked into a shaft and drop 1 floor!
 16780 | Lair:5   | Entered Level 5 of the Lair of Beasts
 16847 | Lair:5   | Paralysed by a hornet for 2 turns
 16860 | Lair:5   | Identified the +0 ring mail of the Game of Life {rElec}
                  | (Okawaru gifted it to you on level 5 of the Lair of Beasts)
 16860 | Lair:5   | Received a gift from Okawaru
 16954 | Lair:5   | Reached skill level 10 in Shields
 17432 | Lair:5   | Reached skill level 20 in Axes
 17796 | Lair:5   | Identified the +9 trident of the Shrinking Seer {freeze,
                  | rPois rCorr Dex+3 SInv}
 18217 | Lair:4   | Found a hide-covered altar of Uskayaw.
 18533 | Lair:4   | Received a gift from Okawaru
 18608 | Lair:4   | Reached skill level 15 in Fighting
 18667 | Lair:4   | Reached XP level 15. HP: 136/141 MP: 15/15
 18765 | Lair:4   | Found a runed translucent door.
 20334 | D:12     | Received a gift from Okawaru
 20570 | D:13     | Noticed Urug
 20579 | D:13     | Killed Urug
 20714 | D:13     | Found a gate to the Vaults.
 20717 | D:13     | Identified the +2 hand crossbow of the Secret Violins
                  | {penet, Contam Str+5 SInv} (Okawaru gifted it to you on
                  | level 13 of the Dungeon)
 20717 | D:13     | Received a gift from Okawaru
 20917 | Abyss:2  | Cast into level 2 of the Abyss (a wizard)
 20918 | Abyss:2  | Found a corrupted altar of Lugonu.
 20939 | Abyss:2  | Noticed a lich
 20960 | Abyss:2  | Killed a lich
 21137 | Abyss:2  | Reached skill level 21 in Axes
 21153 | Abyss:2  | Found a candlelit altar of Ignis.
 21207 | Abyss:2  | Found a candlelit altar of Ignis.
 21229 | D:13     | Escaped the Abyss
 21469 | D:13     | Got the Verses on Conjuration
 21551 | D:13     | Found Tenein's Blood Bar.
 21755 | D:14     | Identified the +7 war axe of Kindness {flame, Int+3}
                  | (Okawaru gifted it to you on level 14 of the Dungeon)
 21755 | D:14     | Received a gift from Okawaru
 21797 | D:14     | Identified the +5 short sword of Sloth {drain, Str+3}
 21975 | D:14     | Found an ornate altar of the Wu Jian Council.
 22279 | D:14     | Reached XP level 16. HP: 154/154 MP: 16/16
 22923 | D:15     | Entered Level 15 of the Dungeon
 22926 | D:15     | Received a gift from Okawaru
 23356 | D:15     | Paralysed by an ogre mage for 4 turns
 23454 | D:15     | Noticed Rupert
 23463 | D:15     | Paralysed by Rupert for 4 turns
 23781 | D:15     | Killed Rupert
 23865 | D:15     | Found a blossoming altar of Fedhas.
 24063 | D:15     | Found a staircase to the Depths.
 24416 | Orc:1    | Entered Level 1 of the Orcish Mines
 24600 | Orc:2    | Entered Level 2 of the Orcish Mines
 24600 | Orc:2    | Found a staircase to the Elven Halls.
 24760 | Orc:2    | Reached skill level 22 in Axes
 24830 | Orc:2    | Paralysed by an orc sorcerer for 5 turns
 24842 | Orc:2    | Identified the +1 pair of boots "Afaexekh" {rCorr Int+4
                  | Stlth+} (Okawaru gifted it to you on level 2 of the Orcish
                  | Mines)
 24842 | Orc:2    | Received a gift from Okawaru
 25087 | Orc:2    | Found Uta Nuv's Antique Weapon Boutique.
 25087 | Orc:2    | Found Cev Weun's Magic Scroll Shoppe.
 25089 | Orc:2    | Found Februrra's Antique Weapon Boutique.
 25089 | Orc:2    | Found Kapylaib's Antique Weapon Shoppe.
 25147 | Orc:2    | Noticed Sonja
 25159 | Orc:2    | Killed Sonja
 25164 | Orc:2    | Paralysed by an orc sorcerer for 2 turns
 25176 | Orc:2    | Noticed Erolcha
 25183 | Orc:2    | Killed Erolcha
 25256 | Orc:2    | Found a roughly hewn altar of Beogh.
 25473 | Swamp:1  | Entered Level 1 of the Swamp
 25509 | Swamp:1  | Upgraded the game from 0.31-a0-459-gc8a9bf3d51 to
                  | 0.31-a0-479-g91c9547826
 25541 | Swamp:1  | Found an ornate altar of the Wu Jian Council.
 25992 | Swamp:1  | Reached XP level 17. HP: 166/166 MP: 17/17
 26358 | Swamp:2  | Noticed Louise
 26388 | Swamp:2  | Killed Louise
 27124 | Swamp:2  | Identified the +4 ring mail of the Saviour {rElec}
 27297 | Swamp:2  | Identified the +2 war axe of the Key {heavy, rF- rC+ SInv}
                  | (Okawaru gifted it to you on level 2 of the Swamp)
 27297 | Swamp:2  | Received a gift from Okawaru
 27544 | Swamp:3  | Noticed Kirke
 27888 | Swamp:3  | Killed Kirke
 27929 | Swamp:3  | Paralysed by a fenstrider witch for 4 turns
 28251 | Swamp:4  | Entered Level 4 of the Swamp
 28325 | Swamp:3  | Received a gift from Okawaru
 28712 | Swamp:4  | Reached skill level 23 in Axes
 28783 | Swamp:4  | Found a runed translucent gate.
 28786 | Swamp:4  | Found a runed translucent gate.
 29100 | Swamp:4  | Reached XP level 18. HP: 164/176 MP: 18/18
 29189 | Swamp:4  | Reached skill level 5 in Polearms
 29393 | Swamp:4  | Got a decaying rune of Zot
 29442 | Swamp:4  | Found a runed translucent gate.
 29442 | Swamp:4  | Noticed Kuirgh's ghost (adept TrMo)
 29477 | Swamp:4  | Killed Kuirgh's ghost
 29582 | Swamp:4  | Identified a scroll of acquirement
 29605 | Swamp:4  | Reached skill level 15 in Shields
 29665 | Swamp:4  | Acquired 508 gold pieces
 30038 | Slime:1  | Entered Level 1 of the Pits of Slime
 30084 | Slime:1  | Paralysed by a formless jellyfish for 1 turns
 30089 | Slime:1  | Paralysed by a formless jellyfish for 1 turns
 30095 | Lair:4   | Paralysed by a formless jellyfish for 1 turns
 30157 | Slime:1  | Paralysed by a formless jellyfish for 1 turns
 30161 | Lair:4   | Paralysed by a formless jellyfish for 1 turns
 30221 | Slime:1  | Paralysed by a formless jellyfish for 1 turns
 30223 | Slime:1  | Paralysed by a formless jellyfish for 1 turns
 30226 | Slime:1  | Paralysed by a formless jellyfish for 1 turns
 30227 | Slime:1  | Received a gift from Okawaru
 30498 | Slime:1  | Paralysed by a great orb of eyes for 3 turns
 30565 | Slime:1  | Gained mutation: You are clumsy. (Dex -2) [a shining eye]
 30569 | Slime:1  | Gained mutation: Your body sometimes deteriorates upon
                  | taking damage. [a shining eye]
 30571 | Slime:1  | Gained mutation: You expend magic power (3 MP) to
                  | strengthen your wands. [a shining eye]
 30575 | Slime:1  | Gained mutation: Your magical capacity is low. (-10% MP) [a
                  | shining eye]
 31106 | Slime:2  | Noticed Dissolution
 31113 | Slime:1  | Killed Dissolution
 31113 | Slime:1  | Identified the +3 scale mail of Music {rF+ Dex+3} (Okawaru
                  | gifted it to you on level 1 of the Pits of Slime)
 31113 | Slime:1  | Received a gift from Okawaru
 31874 | Slime:2  | Paralysed by a great orb of eyes for 2 turns
 32400 | Slime:3  | Gained mutation: You are very clumsy. (Dex -4) [a shining
                  | eye]
 32403 | Slime:3  | Gained mutation: You occasionally lose the ability to read
                  | scrolls when taking damage. [a shining eye]
 32862 | Slime:4  | Paralysed by a floating eye for 3 turns
 32873 | Slime:4  | Reached skill level 24 in Axes
 32912 | Slime:4  | Gained mutation: Your body often deteriorates upon taking
                  | damage. [a shining eye]
 32914 | Slime:4  | Gained mutation: Armour fits poorly on your strangely
                  | shaped body. [a shining eye]
 32988 | Slime:4  | Reached XP level 19. HP: 167/187 MP: 17/17
 33646 | Slime:4  | You are sucked into a shaft and drop 1 floor!
 33646 | Slime:5  | Entered Level 5 of the Pits of Slime
 33707 | Slime:5  | Paralysed by a formless jellyfish for 1 turns
 33739 | Slime:5  | Paralysed by a great orb of eyes for 5 turns
 33747 | Slime:5  | Identified the +4 chain mail of the Minstrel {rElec rPois
                  | Int+5} (Okawaru gifted it to you on level 5 of the Pits of
                  | Slime)
 33747 | Slime:5  | Received a gift from Okawaru
 33747 | Slime:5  | Paralysed by a great orb of eyes for 5 turns
 33748 | Slime:5  | Noticed the Royal Jelly
 33754 | Slime:5  | Paralysed by a great orb of eyes for 4 turns
 34537 | Slime:5  | Found a viscous altar of Jiyva.
 35185 | Slime:5  | HP: 3/189 [rockslime[the Royal Jelly] (31)]
 35186 | Slime:5  | Slain by a rockslime

Illustrated notes

Levels and vault maps discovered:
D:1:      beargit_arrival_greenhouse, layout_loops_corners,
          basic_ecumenical_altar, columned_hall_lemuel, minmay_split_cup_large
D:2:      layout_basic, basic_altar
D:3:      layout_loops_corners, general_overflow_altar,
          dreamdust_princess_bridge
D:4:      layout_rooms, nicolae_overflow_hallway_of_the_gods,
          minmay_temple_entry_butterflies
D:5:      layout_basic, uniq_ijyb
D:6:      gammafunk_cloud_chamber, layout_basic, uniq_maggie, uniq_blork_the_orc
D:7:      minmay_opposing_rooms, layout_basic, nicolae_uskayaw_en_pointe
D:8:      layout_cave_pools, serial_bayou_pond_d, uniq_pikel
D:9:      layout_stronghold, dk_noncrumbling_4
D:10:     layout_irregular_city, nicolae_overflow_crystal_walls
D:11:     layout_loops_corners, due_lair_maze_entry_diamond,
          portal_ice_cave_rime
D:12:     layout_rooms
D:13:     cheibrodos_breeding_chamber, layout_basic, david_vaults_1, serial_ice,
          serial_ice_h, serial_ice_d, serial_ice_n, serial_ice_g,
          guppyfry_shop_blood, uniq_urug
D:14:     layout_layer_cave, nzn_wu_jian_contemplation
D:15:     grunt_enter_depths_magical_seal, layout_loops_ring, fedhas_altar_2,
          drop_trap, uniq_rupert
Lair:1:   layout_roguey, gammafunk_ghost_hive, st_stairs_13, grunt_megastairs_3,
          uniq_erica
Lair:2:   layout_gridlike, nicolae_snake_entry_warm_welcome,
          chequers_serial_rivers_micro_b, amcnicky_altar_lugonu_corruption,
          grunt_megastairs_2
Lair:3:   nzn_winding_woodlands_stair_trap [nzn_winding_woodlands_5x15_zeroes,
          nzn_winding_woodlands_5x15_jagged,
          nzn_winding_woodlands_5x15_lazy_stream,
          nzn_winding_woodlands_15x15_boxy_spiral,
          nzn_winding_woodlands_5x15_pathside_ponds,
          nzn_winding_woodlands_5x15_pool, nzn_winding_woodlands_5x15_crooked],
          layout_cave_pods, skrybe_swamp_entry_bodies, special_room
          [special_room_mythical_zoo], serial_bayou_shore_a
Lair:4:   gammafunk_lair_enchanted_lake, layout_cave_pods,
          minmay_slime_entry_jelly_boxes, basic_altar, gauntlet_entry_generic,
          minivault_26, serial_bayou_shore_b, lemuel_fruit_tree,
          lemuel_fruit_fields
Lair:5:   gammafunk_lair_ancient_temple, layout_cave_pods, lemuel_fruit_fields
Swamp:1:  layout_basic_swamp, lemuel_altar_in_water
Swamp:2:  layout_basic_swamp, evilmike_swamp_ruin_house_5, uniq_louise
Swamp:3:  layout_basic_swamp, evilmike_swamp_ruin_rubble_2,
          infiniplex_staircase_pool, uniq_kirke
Swamp:4:  swamp_vile, layout_basic_swamp, ebering_ghost_rock_garden, swamp_pool2
Slime:1:  layout_caves
Slime:2:  layout_caves, dissolution_awaits
Slime:3:  layout_caves
Slime:4:  layout_caves
Slime:5:  slime_pit_nicolae_jellycorners, uniq_dissolution
Orc:1:    layout_caves, led_sif_book
Orc:2:    grunt_orc_tribal_feast, layout_diamond_mine, mines1_david, uniq_sonja,
          uniq_erolcha

Skill      XL: |  1  2  3  4  5  6  7  8  9 10 11 12 13 14 15 16 17 18 19 |
---------------+----------------------------------------------------------+-----
Axes           | 3 4 5 6 8 10 12 14 16 18 19 20 21 22 23 24 | 24.3
Fighting       | 4 5 6 7 8 10 11 13 15 16 18 19 20 21 | 21.0
Armour         | 4 5 6 7 8 10 11 12 13 14 | 14.5
Shields        | 4 5 6 7 8 9 10 12 13 14 15 16 | 16.2
Dodging        | 1 2 3 4 5 6 7 8 |  8.6
Stealth        | 1 2 3 |  3.7
Maces & Flails | 1 2 |  2.0
Polearms       | 1 2 4 5 |  5.5
Invocations    | |  0.8

Action                     |  1- 3 |  4- 6 |  7- 9 | 10-12 | 13-15 | 16-18 | 19-21 || total
---------------------------+-------+-------+-------+-------+-------+-------+-------++-------
  Melee: War axe           |   100 |    89 |   216 |    56 |     4 |    31 |       ||   496
         Broad axe         |       |       |       |   386 |   831 |  1080 |    94 ||  2391
         Spear             |       |       |       |       |    33 |       |       ||    33
         Flail             |       |       |       |       |    21 |       |       ||    21
         Trident           |       |       |       |       |       |    77 |       ||    77
 Invoke: Finesse           |       |       |       |       |       |     1 |       ||     1
    Use: Scroll            |     4 |       |     7 |     7 |     6 |     7 |     2 ||    33
         Potion            |     4 |       |     4 |     3 |     6 |     2 |     3 ||    22
 Armour: Scale mail        |    33 |    47 |    71 |       |       |       |       ||   151
         Chain mail        |       |       |    56 |   223 |       |       |       ||   279
         Ring mail         |       |       |       |    17 |       |       |       ||    17
         Ice dragon scales |       |       |       |    16 |   399 |   455 |   101 ||   971
         Plate armour      |       |       |       |    10 |       |       |       ||    10
  Dodge: Dodged            |    61 |    46 |    94 |   198 |   377 |   453 |    61 ||  1290
  Block: Buckler           |    25 |    13 |    61 |   131 |       |       |       ||   230
         Kite shield       |       |       |       |    15 |   381 |   626 |    74 ||  1096

Table legend: (Time is in decaauts)
 A = Elapsed time spent in this place.
 B = Non-inter-level travel time spent in this place.
 C = Inter-level travel time spent in this place.
 D = Time resting spent in this place.
 E = Time spent auto-exploring this place.
 F = Levels seen in this place.
 G = Mean time per level.
                   A        B        C        D        E       F      G
               +--------+--------+--------+--------+--------+-----+--------+
         Total |  34879 |  33100 |   1779 |   7720 |  16910 |  33 | 1056.9 |
       Dungeon |  16314 |  15329 |    985 |   3390 |   9227 |  15 | 1087.6 |
          Lair |   6687 |   6137 |    550 |    820 |   4092 |   5 | 1337.4 |
         Swamp |   4361 |   4225 |    136 |   1197 |   1559 |   4 | 1090.2 |
    Slime Pits |   4821 |   4755 |     66 |   1599 |    971 |   5 |  964.2 |
  Orcish Mines |    918 |    878 |     40 |    175 |    437 |   2 |  459.0 |
         Abyss |    286 |    286 |      0 |     73 |     38 |   1 |  286.0 |
      Ice Cave |   1489 |   1489 |      0 |    465 |    585 |   1 | 1489.0 |
               +--------+--------+--------+--------+--------+-----+--------+

Top non-repeatable levels by time:
     D:7: 2037 daAuts
  Lair:4: 1788 daAuts
  Lair:3: 1610 daAuts
    D:10: 1504 daAuts
   IceCv: 1489 daAuts
 Slime:4: 1470 daAuts
 Swamp:4: 1357 daAuts
    D:15: 1347 daAuts
  Lair:5: 1295 daAuts
 Slime:1: 1279 daAuts
     D:6: 1231 daAuts
     D:5: 1213 daAuts
    D:14: 1183 daAuts
     D:9: 1182 daAuts
    D:11: 1146 daAuts
